 Dungeon Crawl Stone Soup version 0.28.0-53-g5a82cb258f (webtiles) character file.

Game seed: 18339309875107313395

87 firemarshallily the Sneak (level 4, -3/29 HPs)
             Began as an Octopode Brigand on June 28, 2022.
             Slain by Robin
             ... wielding a +4 mace of protection
              (4 damage)
             ... on level 2 of the Dungeon.
             The game lasted 00:06:01 (1321 turns).

firemarshallily the Sneak (Octopode Brigand)        Turns: 1321, Time: 00:06:02

Health: -3/29      AC:  1    Str: 10    XL:     4   Next: 51%
Magic:  4/4        EV: 12    Int: 13    God:
Gold:   67         SH:  0    Dex: 15    Spells: 3/3 levels left

rFire   . . .      SeeInvis .   h - +2 dagger (elec)
rCold   . . .      Faith    .   (no shield)
rNeg    . . .      Spirit   .   (helmet restricted)
rPois   .          Reflect  .   (no amulet)
rElec   .          Harm     .   (no ring)
rCorr   .          Rampage  .   (no ring)
Will    .....                   (no ring)
Stlth   ++++......              (no ring)
HPRegen 0.09/turn               (no ring)
MPRegen 0.09/turn               (no ring)
                                (no ring)
                                (no ring)

@: hasted, very quick
A: almost no armour, amphibious, 8 rings, camouflage 1, gelatinous body 1,
(nimble swimmer 1), tentacles
a: no special abilities


You were on level 2 of the Dungeon.
You visited 1 branch of the dungeon, and saw 2 of its levels.

You collected 67 gold pieces.

Inventory:

Hand Weapons
 a - a +2 dagger
 h - a +2 dagger of electrocution (weapon)
Missiles
 b - 8 poisoned darts (quivered)
 c - 2 curare-tipped darts
 d - 35 stones
Scrolls
 f - a scroll of teleportation
 i - a scroll of immolation {unknown}
Potions
 e - 2 potions of flight


   Skills:
 + Level 2.1 Fighting
 * Level 3.9 Short Blades
 - Level 2.0 Throwing
 - Level 1.0 Dodging
 + Level 6.3 Stealth


You had 3 spell levels left.
You didn't know any spells.
Your spell library was empty.

Dungeon Overview and Level Annotations

Branches:
Dungeon (2/15)

Altars:
The Shining One

Shops:
D:1 =(

Annotations:
D:2 Robin


Innate Abilities, Weirdness & Mutations

You cannot wear most types of armour.
You are amphibious.
You can wear up to eight rings at the same time.
Your skin changes colour to match your surroundings (Stealth+).
Your rubbery body absorbs attacks. (AC +1, EV +1)
((You are camouflaged when in or above water. (Stealth+)))
You have tentacles for arms and can constrict up to eight enemies at once.


Message History

The hobgoblin is moderately wounded.
You hit the hobgoblin. You grab the hobgoblin. You squeeze the hobgoblin.
You kill the hobgoblin!
You hit Robin but do no damage. Your grab misses Robin. You squeeze Robin.
Robin is lightly wounded.
You hit Robin. You grab Robin.
Robin is lightly wounded.
You constrict Robin, but do no damage. Robin closely misses you.
You hit Robin but do no damage.
Robin is lightly wounded.
You constrict Robin, but do no damage. You hit Robin but do no damage.
Robin is lightly wounded.
You constrict Robin, but do no damage. You hit Robin but do no damage.
Robin is lightly wounded.
You constrict Robin, but do no damage.
Robin hits you with a +4 mace of protection.
* * * LOW HITPOINT WARNING * * *
You hit Robin but do no damage. You squeeze Robin.
Robin is heavily wounded.
You constrict Robin, but do no damage. Robin closely misses you.
You hit Robin but do no damage.
Robin is heavily wounded.
You constrict Robin, but do no damage. You barely miss Robin.
You squeeze Robin, but do no damage.
Robin is heavily wounded.
You constrict Robin, but do no damage.
Robin hits you with a +4 mace of protection!
* * * LOW HITPOINT WARNING * * *
Okay, then.
Okay, then.
You hit Robin but do no damage. You squeeze Robin, but do no damage.
Robin is heavily wounded.
You constrict Robin. You hit Robin. You squeeze Robin, but do no damage.
Robin is severely wounded.
You constrict Robin.
Robin hits you with a +4 mace of protection.
You die...

#.# # #.# # # ##'## # #.
##..<## # #.### ##.....##
# ##.#.## ##.......## ##
##.....####.........####.
#.....)g@)'.......).'....
#..#..[####.........####.
##..# ##....†..## ## ##.#
##.....## # #.# ##...## #
#.# ##'## # #.# #.# ..#
#.# ## #.#


You could see Robin.

Vanquished Creatures
  Natasha (D:2)
  A worm (D:2)
  7 ball pythons
  3 endoplasms
  2 giant cockroaches
  7 goblins (D:2)
  5 hobgoblins (D:2)
  4 jackals (D:1)
  6 quokkas
  2 bats
  A frilled lizard (D:2)
  9 kobolds
  2 rats
50 creatures vanquished.

Notes
Turn   | Place    | Note
-------+----------+-------------------------------------------
     0 | D:1      | firemarshallily the Octopode Brigand began the quest for
                  | the Orb.
     0 | D:1      | Reached XP level 1. HP: 14/14 MP: 1/1
    25 | D:1      | Found Pyitt's Jewellery Boutique.
   157 | D:1      | Found a faded altar of an unknown god.
   195 | D:1      | Reached XP level 2. HP: 14/19 MP: 2/2
   303 | D:1      | Found Soyx's Weapon Shop.
   585 | D:1      | You fall into a shaft and drop 1 floor!
   585 | D:2      | Found a glowing golden altar of the Shining One.
   596 | D:2      | Reached XP level 3. HP: 24/24 MP: 3/3
  1027 | D:2      | Noticed Natasha
  1040 | D:2      | Killed Natasha
  1041 | D:2      | Reached skill level 6 in Stealth
  1041 | D:2      | Reached XP level 4. HP: 22/29 MP: 4/4
  1276 | D:2      | Noticed Robin
  1319 | D:2      | HP: 1/29 [Robin/+4 mace of protection (7)]
  1321 | D:2      | Slain by Robin

Illustrated notes

Levels and vault maps discovered:
D:1:      minmay_arrival_solitary_statue, layout_rooms, serial_shops,
          nicolae_shop_window_shopping, nicolae_shop_waterfront,
          basic_ecumenical_altar
D:2:      minmay_chambers_of_ones, layout_loops_corners, basic_altar,
          uniq_natasha, uniq_robin

Skill      XL: |  1  2  3 |
---------------+----------+-----
Short Blades   | 3 |  3.9
Stealth        | 6 |  6.3
Fighting       | |  2.1
Throwing       | |  2.0
Dodging        | |  1.0

Action                   |  1- 3 |  4- 6 || total
-------------------------+-------+-------++-------
Melee: Dagger            |    69 |    34 ||   103
       Constrict         |    16 |     6 ||    22
       Tentacles         |    13 |     9 ||    22
       Punch             |       |     1 ||     1
Throw: Dart              |     1 |       ||     1
  Use: Scroll            |       |     3 ||     3
       Potion            |       |     1 ||     1
 Stab: Sleeping          |    11 |     3 ||    14
Armor: Skin              |     5 |       ||     5
Dodge: Dodged            |    34 |    13 ||    47
